 Dungeon Crawl Stone Soup version 0.31-a0-982-g1816016f30 (webtiles) character file.

Game seed: 9285014059827816389

431 Descartes the Scratcher (level 6, -1/25 HPs)
             Began as a Felid Shapeshifter on Nov 2, 2023.
             Killed from afar by nms23's ghost (8 damage)
             ... with a magic dart
             ... on level 3 of the Dungeon.
             The game lasted 00:03:58 (2187 turns).

Descartes the Scratcher (Felid Shapeshifter)        Turns: 2187, Time: 00:03:58

Health: -1/25      AC:  2    Str: 12    XL:     6   Next: 66%
Magic:  7/7        EV: 17    Int: 11    God:
Gold:   117        SH:  0    Dex: 16    Spells: 5/5 levels left
                                        Lives:  0   Deaths: 2

rFire   . .          .
                       - Unarmed
rCold   . . .        (shield unavailable)
rNeg    . . .        (body armour unavailable)
rPois   .            (helmet unavailable)
rElec   .            (cloak unavailable)
rCorr   .            (gloves unavailable)
SInv    +            (boots unavailable)
Will    .....        (no amulet)
Stlth   +            (no ring)
HPRegen 0.24/turn    (no ring)
MPRegen 0.10/turn

%: no passive effects
@: beast-form, quick
A: beast (slay +1), very small, claws 1, fangs 3, see invisible, speed 1, shaggy
fur 2, stealthy paws, no weapons or thrown items, no armour, multi-lived
a: Begin Untransformation


You were on level 3 of the Dungeon.
You were a hulking beast.
You visited 1 branch of the dungeon, and saw 3 of its levels.

You collected 117 gold pieces.

Inventory:

Talismans
 b - a beast talisman
 c - a flux talisman
Scrolls
 a - a scroll of revelation {unknown}
 d - 6 scrolls of identify {unknown}
 f - 3 scrolls of silence {unknown}
 g - 3 scrolls of teleportation {unknown}
 h - a scroll of enchant armour {unknown}
 i - a scroll of butterflies {unknown}
 j - a scroll of noise {unknown}
Potions
 e - a potion of attraction
 l - a potion of might {unknown}


   Skills:
 - Level 1.0 Fighting
 - Level 2.6 Dodging
 + Level 7.6 Unarmed Combat
 - Level 3.2 Shapeshifting


You had 5 spell levels left.
You didn't know any spells.
Your spell library contained the following spells:

 Spells                   Type           Power      Damage    Failure   Level
 Magic Dart               Conj           0%         1d3       34%         1
 Call Imp                 Summ           0%         N/A       47%         2
 Mephitic Cloud           Conj/Pois/Air  0%         N/A       71%         3


Dungeon Overview and Level Annotations

Branches:
Dungeon (3/15)

Altars:

Annotations:
D:3 nms23's ghost, weakling DsCj


Innate Abilities, Weirdness & Mutations

You are a hulking beast.
Your limbs bulge with bestial killing power. (Slay +1)
You have sharp claws.
You have razor-sharp teeth.
You have supernaturally acute eyesight. (SInv)
You cover ground quickly. (Speed+)
You are covered in thick fur. (AC +2)
Your paws help you pounce on unaware monsters.
You are incapable of wielding weapons or throwing items.
You cannot wear armour.
You gain extra lives every three experience levels.


Message History

No target in view!
No target in view!
No target in view!
No target in view!
No target in view!
There is an open translucent gate here.
Nms23's ghost is nearby!
You scratch nms23's ghost.
Nms23's ghost is lightly damaged.
Nms23's ghost casts a spell at you. The magic dart hits you.
You claw nms23's ghost! x2
Nms23's ghost is almost destroyed.
Nms23's ghost points at you and mumbles some strange words.
The magic dart hits you!
You are too injured to fight recklessly!
You are too injured to fight recklessly!
You are too injured to fight recklessly!
You are too injured to fight recklessly!
You are too injured to fight recklessly!
You are too injured to fight recklessly!
You are too injured to fight recklessly!
You are too injured to fight recklessly!
You are too injured to fight recklessly!
You are too injured to fight recklessly!
You are too injured to fight recklessly!
You are too injured to fight recklessly!
You are too injured to fight recklessly!
You are too injured to fight recklessly!
Unknown command.
You scratch nms23's ghost but do no damage.
Nms23's ghost is almost destroyed.
Nms23's ghost points at you and mumbles some strange words.
The magic dart hits you.
* * * LOW HITPOINT WARNING * * *
You scratch nms23's ghost but do no damage.
Nms23's ghost is almost destroyed.
Nms23's ghost points at you and mumbles some strange words.
The magic dart hits you!
You die...

.########.##.#.......#..#
.# #.##.#######.#..# .#
#.##.# ##....# .#
#....######...#.# ##
###..........##.#
#######..####.# #.#.#.#..#
#.# #....W#..####.# ##
#########....h.......# .#
#......#.$...'...##### .#
#.##...##$...'..#....# .#
#.#....#.....#.....#.#
.###....###.#.#.##.#..#.###
.##.......########.#..#...#
.#...#..#.# ##.#..###.#
....##..#.#######.........#
..>###..#.#....##..########


You could see nms23's ghost.

Vanquished Creatures
  Grinder (D:3)
  A water moccasin zombie (D:3)
  A bullfrog zombie (D:3)
  An iguana (D:3)
  An orc wizard (D:3)
  A howler monkey skeleton (D:3)
  3 adders (D:2)
  5 orcs
  6 ball pythons
  A bat (D:1)
  5 endoplasms
  3 giant cockroaches
  5 hobgoblins
  3 jackals (D:2)
  3 quokkas
  4 frilled lizards
  5 goblins
  4 kobolds
  4 rats (D:2)
57 creatures vanquished.

Notes
Turn   | Place    | Note
-------+----------+-------------------------------------------
     0 | D:1      | Descartes the Felid Shapeshifter began the quest for the
                  | Orb.
     0 | D:1      | Reached XP level 1. HP: 9/9 MP: 2/2
    90 | D:1      | Reached XP level 2. HP: 7/12 MP: 3/3
   500 | D:1      | Found a faded altar of an unknown god.
   506 | D:1      | Reached skill level 4 in Unarmed Combat
   647 | D:2      | Reached XP level 3. HP: 15/15 MP: 4/4
  1180 | D:3      | Succumbed to an adder's poison
  1243 | D:3      | Reached XP level 4. HP: 14/19 MP: 5/5
  1252 | D:2      | Reached skill level 5 in Unarmed Combat
  1478 | D:3      | Noticed Grinder
  1488 | D:3      | Killed from afar by Grinder
  1500 | D:3      | Killed Grinder
  1501 | D:3      | Reached skill level 6 in Unarmed Combat
  1501 | D:3      | Reached XP level 5. HP: 15/22 MP: 6/6
  1501 | D:3      | Gained mutation: You are covered in thick fur. (AC +2)
                  | [Felid growth]
  1501 | D:3      | Reached XP level 6. HP: 17/25 MP: 7/7
  1607 | D:3      | Found a runed translucent gate.
  1609 | D:3      | Found a runed translucent gate.
  1610 | D:3      | Found a runed translucent gate.
  1613 | D:3      | Noticed nms23's ghost (weakling DsCj)
  1872 | D:3      | Reached skill level 7 in Unarmed Combat
  2187 | D:3      | Killed from afar by nms23's ghost

Illustrated notes

Levels and vault maps discovered:
D:1:      lemuel_arrival_hallway, layout_rooms, chequers_ecumenical_altar_lobes,
          serial_rivers, chequers_serial_rivers_small_b,
          chequers_serial_rivers_marsh, chequers_serial_rivers_micro_c,
          chequers_serial_rivers_small_3
D:2:      layout_rooms
D:3:      layout_basic, gammafunk_ghost_necromancy, uniq_grinder

Skill      XL: |  1  2  3  4  5  6 |
---------------+-------------------+-----
Unarmed Combat | 4 6 7 |  7.6
Fighting       | |  1.0
Dodging        | |  2.6
Shapeshifting  | |  3.2

Action                     |  1- 3 |  4- 6 || total
---------------------------+-------+-------++-------
  Melee: Unarmed           |    93 |    58 ||   151
         Bite              |     6 |     4 ||    10
         Punch             |     1 |     4 ||     5
    Use: Potion            |     3 |     2 ||     5
   Stab: Sleeping          |     5 |       ||     5
 Armour: Skin              |    38 |    24 ||    62
  Dodge: Dodged            |    70 |    39 ||   109

Table legend: (Time is in decaauts)
 A = Elapsed time spent in this place.
 B = Non-inter-level travel time spent in this place.
 C = Inter-level travel time spent in this place.
 D = Time resting spent in this place.
 E = Time spent auto-exploring this place.
 F = Levels seen in this place.
 G = Mean time per level.
                   A        B        C        D        E       F      G
               +--------+--------+--------+--------+--------+-----+--------+
         Total |   1873 |   1853 |     20 |      0 |   1481 |   3 |  624.3 |
       Dungeon |   1873 |   1853 |     20 |      0 |   1481 |   3 |  624.3 |
               +--------+--------+--------+--------+--------+-----+--------+

Top non-repeatable levels by time:
     D:3: 768 daAuts
     D:2: 612 daAuts
     D:1: 493 daAuts
